 Dungeon Crawl Stone Soup version 0.21.1-1-g345015f (webtiles) character file.

91 Mesmaeker13 the Magician (level 4, -7/35 HPs)
             Began as a Demigod Wanderer on Mar 28, 2018.
             Blown up by Ijyb (8 damage)
             ... with a wand of disintegration (3)
             ... on level 3 of the Dungeon.
             The game lasted 00:07:36 (3388 turns).

Mesmaeker13 the Magician (Demigod Wanderer)         Turns: 3388, Time: 00:07:36

Health: -7/35      AC:  2    Str: 18 (21) XL:     4   Next: 12%
Magic:  4/10       EV: 12    Int: 23 (24) God:
Gold:   79         SH:  0    Dex: 10 (13) Spells: 4/8 levels left

rFire    . . .     SeeInvis .   k - +0 spear
rCold    + . .     Gourm    .   (no shield)
rNeg     . . .     Faith    .   c - +0 robe
rPois    .         Spirit   .   (no helmet)
rElec    .         Reflect  .   (no cloak)
rCorr    .         Harm     .   (no gloves)
MR       .....                  (no boots)
Stlth    +.........             (no amulet)
HPRegen  0.11/turn              d - ring of protection from cold
MPRegen  0.12/turn              (no ring)

@: mighty, brilliant, very slightly contaminated
A: high mp 1
a: no special abilities


You were on level 3 of the Dungeon.
You were not hungry.

You visited 1 branch of the dungeon, and saw 3 of its levels.

You collected 79 gold pieces.

Inventory:

Hand Weapons
 k - a +0 spear (weapon)
Missiles
 e - 95 stones (quivered)
Armour
 c - a +0 robe (worn)
Jewellery
 d - a ring of protection from cold (left hand)
 l - an uncursed ring of fire
Wands
 a - a wand of flame (12)
Scrolls
 i - 2 scrolls of teleportation
 m - a scroll of fog {unknown}
 p - a scroll of immolation {unknown}
Potions
 j - 2 potions of agility
Books
 b - the Papyrus of the Mountains

   Spells                             Type                      Level
   a - Sandblast                      Earth                        1
   b - Stone Arrow                    Conjuration/Earth            3
Comestibles
 f - 4 rations
 n - 2 chunks of flesh


   Skills:
 - Level 1.2 Fighting
 + Level 2.1 Dodging
 - Level 1.0 Unarmed Combat
 + Level 2.6 Spellcasting
 + Level 0.2 Conjurations
   Level 1.7 Summonings
   Level 1.0 Air Magic
 + Level 1.5 Earth Magic
 - Level 2.1 Evocations


You had 4 spell levels left.
You knew the following spells:

 Your Spells              Type           Power        Failure   Level  Hunger
a - Sandblast             Erth           ###...       1%          1    None
b - Stone Arrow           Conj/Erth      ###...       3%          3    ###....


Dungeon Overview and Level Annotations

Branches:
Dungeon (3/15)

Annotations:
D:3 Ijyb


Innate Abilities, Weirdness & Mutations

You have an increased reservoir of magic. (+10% MP)


Message History

Casting: Sandblast
Confirm with . or Enter, or press ? or * to list all spells.
Aiming: Sandblast
Press: ? - help, Shift-Dir - straight line, f/p - Ijyb
Aim: Ijyb, wielding a dagger, wearing a runed leather armour and carrying a wand of disintegration (3) (lightly wounded)
The blast of sand hits Ijyb.
Ijyb is lightly wounded.
e - 96 stones Ijyb hits you with a dagger.
* * * LOW HITPOINT WARNING * * *
Casting: Sandblast
Confirm with . or Enter, or press ? or * to list all spells.
Aiming: Sandblast
Press: ? - help, Shift-Dir - straight line, f/p - Ijyb
Aim: Ijyb, wielding a dagger, wearing a runed leather armour and carrying a wand of disintegration (3) (lightly wounded)
The blast of sand hits Ijyb.
Ijyb is moderately wounded.
e - 95 stones Ijyb zaps a wand.
You are blasted!
You die...

...####.###.####
......g........######
...####.#####.......#
........g........>..#
#.#####.###.#.......#
....>...# #.#.......#
#.####### #.#..)....#
#.#...g...##
#.#...@....#
..##.##....#
.....##....#
#P..##....#
#...##....#######
#...#...........#
#...#.#########.# #.#
#.# #.# #.#


You could see Ijyb.

Vanquished Creatures
  3 adders (D:2)
  A gnoll (D:2)
  A worm (D:2)
  A dart slug (D:2)
  2 leopard geckos
  2 ball pythons (D:2)
  4 giant cockroaches
  5 goblins
  6 hobgoblins
  7 kobolds
  9 bats
  3 frilled lizards
  2 rats
46 creatures vanquished.

Notes
Turn   | Place    | Note
-------+----------+-------------------------------------------
     0 | D:1      | Mesmaeker13 the Demigod Wanderer began the quest for the Orb.
     0 | D:1      | Mesmaeker13 set off with: a wand of flame (15), the Papyrus of the Mountains, a +0 robe, a +0 club, a ration
     0 | D:1      | Reached XP level 1. HP: 16/16 MP: 5/5
     2 | D:1      | Identified the Papyrus of the Mountains
   161 | D:1      | Learned a level 1 spell: Sandblast
   709 | D:1      | Reached XP level 2. HP: 15/23 MP: 7/7
  2041 | D:2      | Reached XP level 3. HP: 24/28 MP: 3/9
  2145 | D:2      | Reached skill level 1 in Earth Magic
  2178 | D:2      | Found a shadowy altar of Dithmenos.
  2178 | D:2      | Found an ornate altar of the Wu Jian Council.
  2184 | D:2      | Found a glowing golden altar of the Shining One.
  2186 | D:2      | Found a sparkling altar of Nemelex Xobeh.
  2190 | D:2      | Found a white marble altar of Elyvilon.
  2261 | D:2      | Found a stormy altar of Qazlal.
  2777 | D:2      | Learned a level 3 spell: Stone Arrow
  2891 | D:2      | Reached XP level 4. HP: 29/35 MP: 2/10
  3181 | D:2      | Found a basalt altar of Yredelemnul.
  3360 | D:3      | Noticed Ijyb
  3387 | D:3      | HP: 1/35 [Ijyb/dagger (1)]
  3388 | D:3      | Blown up by Ijyb

Skill      XL: |  1  2  3 |
---------------+----------+-----
Evocations     | 2 |  2.1
Spellcasting   | 2 |  2.6
Earth Magic    | 1 |  1.5
Dodging        | 2 |  2.1
Fighting       | |  1.2
Unarmed Combat | |  1.0
Conjurations   | |  0.2
Summonings     | |  1.7
Air Magic      | |  1.0

Action                   |  1- 3 |  4- 6 || total
-------------------------+-------+-------++-------
Melee: Club              |   114 |       ||   114
       Punch             |     1 |       ||     1
       Spear             |       |    29 ||    29
 Cast: Sandblast         |    38 |     7 ||    45
Evoke: Wand              |     3 |       ||     3
  Use: Scroll            |     4 |       ||     4
       Potion            |       |     3 ||     3
 Stab: Sleeping          |     2 |       ||     2
  Eat: Chunk             |     6 |     2 ||     8
Armor: Robe              |    41 |     8 ||    49
Dodge: Dodged            |   123 |    23 ||   146
